 Dungeon Crawl Stone Soup version 0.30.1 (webtiles) character file.

Game seed: 7439678987318519167

1691 Graphine the Cleaver (level 9, -1/112 HPs)
             Began as a Hill Orc Fighter on July 3, 2023.
             Was a Believer of Beogh.
             Slain by H0rd4k's ghost (17 damage)
             ... on level 6 of the Dungeon.
             The game lasted 00:10:36 (4248 turns).

Graphine the Cleaver (Hill Orc Fighter)             Turns: 4248, Time: 00:10:36

Health: -1/112     AC: 24    Str: 23    XL:     9   Next: 2%
Magic:  14/14      EV:  2    Int:  8    God:    Beogh [**....]
Gold:   130        SH:  5    Dex: 10    Spells: 8/8 levels left

rFire   . . .        a - +1 war axe
rCold   . . .        c - +0 buckler
rNeg    . . .        g - melded +0 plate armour
rPois   +            r - melded +0 helmet
rElec   .            (cloak currently unavailable)
rCorr   .            (gloves currently unavailable)
SInv    .            (boots currently unavailable)
Will    .....        (no amulet)
Stlth   +            (no ring)
HPRegen 0.38/turn    (no ring)
MPRegen 0.14/turn

%: no passive effects
@: tree-form
A: stationary, stasis, torment immunity, boosted hp
a: Renounce Religion, Smiting


You were on level 6 of the Dungeon.
You worshipped Beogh.
Beogh was pleased with you.
You were a tree.
You visited 1 branch of the dungeon, and saw 6 of its levels.

You collected 317 gold pieces.
You spent 187 gold pieces at shops.

Inventory:

Hand Weapons
 a - a +1 war axe (weapon)
 f - a +1 trident of flaming
 j - a +1 short sword of electrocution
 q - the +1 whip of the Vulture {drain, +Blink Int+3}
   (You found it on level 2 of the Dungeon)

   Int:       It affects your intelligence (+3).
   +Blink:    It lets you blink.
 x - the +7 flail of Forgiveness {vamp, Fly rPois rC- Will+}
   (You bought it in a shop on level 3 of the Dungeon)

   rC:        It makes you vulnerable to cold.
   rPois:     It protects you from poison.
   Fly:       It grants you flight.
   Will:      It increases your willpower.
Armour
 c - a +0 buckler (worn)
 g - a +0 plate armour (melded)
 r - a +0 helmet (melded)
Wands
 i - a wand of iceblast (8)
 v - a wand of flame (2)
Scrolls
 e - 3 scrolls of vulnerability
 n - a scroll of enchant weapon
 o - a scroll of fear
 w - a scroll of poison
Potions
 b - a potion of curing
 d - 2 potions of might
 h - 2 potions of haste
 k - a potion of berserk rage {unknown}
 l - 2 potions of heal wounds
 m - a potion of brilliance {unknown}
 p - a potion of cancellation {unknown}
 s - a potion of lignification
 t - a potion of invisibility {unknown}
 u - a potion of degeneration {unknown}
 z - a potion of resistance {unknown}
 A - a potion of ambrosia {unknown}


   Skills:
 + Level 6.3 Fighting
 * Level 8.5 Axes
 + Level 5.7 Armour
 + Level 5.8 Shields
 * Level 6.8 Invocations


You had 8 spell levels left.
You didn't know any spells.
Your spell library contained the following spells:

 Spells                   Type           Power      Damage    Failure   Level
 Summon Forest            Summ/Tloc      0%         N/A       100%        5
 Eringya's Noxious Bog    Tmut/Pois      0%         N/A       100%        6
 Summon Hydra             Summ           0%         N/A       100%        7


Dungeon Overview and Level Annotations

Branches:
Dungeon (6/15)             Temple (0/1) D:4

Altars:
Cheibriados
Kikubaaqudgha
Makhleb
Okawaru
Qazlal
Ru
Trog
Yredelemnul

Shops:
D:3 (

Annotations:
D:6 H0rd4k's ghost, novice HuAr


Message History

* * * LOW HITPOINT WARNING * * *
The ice beast hits you but does no damage.
Cleave: a) +1 war axe
Press: ? - help, Dir - move target, f - H0rd4k's ghost
Aim: H0rd4k's ghost (lightly damaged, about 47% to evade your +1 war axe)
You slash H0rd4k's ghost!
H0rd4k's ghost is lightly damaged.
You hit the ice beast.
H0rd4k's ghost hits you but does no damage.
The ice beast hits you but does no damage.
Cleave: a) +1 war axe
Press: ? - help, Dir - move target, f/p - H0rd4k's ghost
Aim: H0rd4k's ghost (lightly damaged, about 47% to evade your +1 war axe)
You slash H0rd4k's ghost!
H0rd4k's ghost is moderately damaged.
You closely miss the ice beast. H0rd4k's ghost hits you.
* * * LOW HITPOINT WARNING * * *
The ice beast hits you but does no damage.
Cleave: a) +1 war axe
Press: ? - help, Dir - move target, f/p - H0rd4k's ghost
Aim: H0rd4k's ghost (moderately damaged, about 47% to evade your +1 war axe)
You slice H0rd4k's ghost!!
H0rd4k's ghost is severely damaged.
You slash the ice beast! H0rd4k's ghost hits you!
* * * LOW HITPOINT WARNING * * *
You block the ice beast's attack.
Cleave: a) +1 war axe
Press: ? - help, Dir - move target, f/p - H0rd4k's ghost
Aim: H0rd4k's ghost (severely damaged, about 47% to evade your +1 war axe)
You miss H0rd4k's ghost.
H0rd4k's ghost is severely damaged.
You hit the ice beast. You block H0rd4k's ghost's attack.
The ice beast hits you but does no damage.
Cleave: a) +1 war axe
Press: ? - help, Dir - move target, f/p - H0rd4k's ghost
Aim: H0rd4k's ghost (severely damaged, about 47% to evade your +1 war axe)
You hit H0rd4k's ghost.
H0rd4k's ghost is severely damaged.
You hit the ice beast but do no damage. H0rd4k's ghost hits you!
You die...

#.# #.....#######.#
#.###........#....#
#.##.).#####...####
#....###...###..#
#..###.......##.#
###.##....###...#.#
#...#....## ##..#.#
###.#.#...## #..#..
......'...# #♣##.#
###...'...#(.=YWY#....#
#...'...##.....#..(##
#.#.#....#.....##..#
#.#.#....##..... ..#
#.#.##....###... ##
#.#..##........# #.##.
##......#


You could see 2 ice beasts and H0rd4k's ghost.

Vanquished Creatures
  Grinder (D:5)
  The ghost of ymhsbmbesitwf the Trooper, an amateur GrBe of Trog (D:4)
  An ice beast (D:6)
  An ogre (D:6)
  A centaur (D:5)
  A phantom (D:6)
  A kobold brigand (D:6)
  A bullfrog (D:6)
  A scorpion (D:5)
  A howler monkey (D:4)
  4 hounds
  A wyvern simulacrum (D:6)
  3 orc priests (D:5)
  A jelly (D:6)
  A water moccasin simulacrum (D:6)
  5 iguanas
  2 orc wizards (D:5)
  A scorpion zombie (D:4)
  A bullfrog simulacrum (D:6)
  2 hound zombies (D:4)
  4 gnolls (D:6)
  3 adders
  3 white imps (D:6)
  A howler monkey simulacrum (D:6)
  An adder zombie (D:4)
  A worm (D:2)
  2 dart slugs
  10 orcs
  9 ball pythons
  3 endoplasms (D:1)
  6 giant cockroaches
  8 goblins
  10 hobgoblins
  8 jackals
  14 kobolds
  6 quokkas
  8 bats
  5 frilled lizards
  A quokka zombie (D:4)
  7 rats
141 creatures vanquished.

Vanquished Creatures (others)
  An orc wizard (D:5)
  A ball python (D:4)
2 creatures vanquished.

Grand Total: 143 creatures vanquished

Notes
Turn   | Place    | Note
-------+----------+-------------------------------------------
     0 | D:1      | Graphine the Hill Orc Fighter began the quest for the Orb.
     0 | D:1      | Reached XP level 1. HP: 19/19 MP: 1/1
    77 | D:1      | Reached skill level 3 in Axes
   148 | D:1      | Reached XP level 2. HP: 27/27 MP: 2/2
   442 | D:1      | Reached XP level 3. HP: 33/33 MP: 3/3
   997 | D:2      | Reached skill level 4 in Axes
  1052 | D:2      | You fall into a shaft and drop 2 floors!
  1065 | D:4      | Reached XP level 4. HP: 23/40 MP: 4/4
  1065 | D:4      | Became a worshipper of Beogh the Brigand
  1089 | D:4      | Reached XP level 5. HP: 33/47 MP: 5/5
  1164 | D:3      | Found a bloodstained altar of Trog.
  1234 | D:3      | Found an ancient bone altar of Kikubaaqudgha.
  1254 | D:3      | Found a stormy altar of Qazlal.
  1375 | D:2      | Reached skill level 5 in Axes
  1475 | D:2      | Identified the +1 whip of the Vulture {drain, +Blink Int+3}
  1543 | D:2      | Reached * piety under Beogh
  1892 | D:3      | Found a faded altar of an unknown god.
  1918 | D:3      | Found a burning altar of Makhleb.
  1929 | D:3      | Reached skill level 1 in Invocations
  2298 | D:3      | Found Gizieres's Antique Weapon Emporium.
  2646 | D:4      | Found a runed translucent door.
  2647 | D:4      | Noticed ymhsbmbesitwf's ghost (amateur GrBe)
  2709 | D:3      | Bought a smoking flail for 187 gold pieces
  2709 | D:3      | Identified the +7 flail of Forgiveness {vamp, Fly rPois rC-
                  | Will+} (You bought it in a shop on level 3 of the Dungeon)
  2771 | D:4      | Reached XP level 6. HP: 53/53 MP: 7/7
  2860 | D:4      | Found an iron altar of Okawaru.
  2893 | D:4      | Found a snail-covered altar of Cheibriados.
  2926 | D:4      | Found a basalt altar of Yredelemnul.
  3099 | D:4      | Found a sacrificial altar of Ru.
  3142 | D:4      | Found a staircase to the Ecumenical Temple.
  3205 | D:4      | Killed ymhsbmbesitwf's ghost
  3206 | D:4      | Reached skill level 5 in Fighting
  3206 | D:4      | Reached skill level 6 in Axes
  3206 | D:4      | Reached XP level 7. HP: 29/61 MP: 7/9
  3340 | D:5      | Entered Level 5 of the Dungeon
  3507 | D:5      | Noticed Grinder
  3508 | D:5      | Paralysed by Grinder for 4 turns
  3518 | D:5      | Paralysed by Grinder for 3 turns
  3574 | D:5      | Reached ** piety under Beogh
  3682 | D:5      | Reached skill level 5 in Shields
  3688 | D:5      | Killed Grinder
  3689 | D:5      | Reached skill level 7 in Axes
  3689 | D:5      | Reached skill level 5 in Armour
  3689 | D:5      | Reached skill level 5 in Invocations
  3689 | D:5      | Reached XP level 8. HP: 62/69 MP: 8/11
  4105 | D:6      | Reached skill level 8 in Axes
  4127 | D:6      | Found a runed translucent gate.
  4127 | D:6      | Found a runed translucent gate.
  4127 | D:6      | Found a runed translucent gate.
  4226 | D:6      | Reached XP level 9. HP: 57/75 MP: 12/14
  4236 | D:6      | Noticed H0rd4k's ghost (novice HuAr)
  4248 | D:6      | Slain by H0rd4k's ghost

Illustrated notes

Levels and vault maps discovered:
D:1:      dpeg_arrival_windows_large_door, layout_basic,
          kennysheep_another_room, minmay_cut_off
D:2:      layout_rooms
D:3:      layout_loops_corners, old_standard_altar,
          mainiacjoe_overflow_tiny_flanked, nicolae_overflow_squiral,
          serial_shops, shop, basic_ecumenical_altar
D:4:      layout_rooms, nicolae_overflow_hidden_temple,
          nicolae_ru_the_path_less_chosen, mainiacjoe_overflow_surrounded_room,
          nicolae_yredelemnul_corpse_copse, temple_green, gammafunk_ghost_grave,
          saegor_snake_ambush
D:5:      layout_rooms, uniq_grinder
D:6:      layout_loops_ring, gammafunk_ghost_icy

Skill      XL: |  1  2  3  4  5  6  7  8 |
---------------+-------------------------+-----
Axes           | 3 4 5 6 7 8 |  8.5
Fighting       | 4 5 6 |  6.3
Armour         | 4 5 |  5.7
Shields        | 4 5 |  5.8
Invocations    | 1 3 5 6 |  6.8

Action                     |  1- 3 |  4- 6 |  7- 9 || total
---------------------------+-------+-------+-------++-------
  Melee: War axe           |   118 |   103 |    50 ||   271
         Flail             |       |    34 |   102 ||   136
 Invoke: Convert to Beogh  |       |     1 |       ||     1
         Smiting           |       |       |     1 ||     1
    Use: Scroll            |     4 |     3 |     5 ||    12
         Potion            |       |       |     6 ||     6
 Armour: Scale mail        |     7 |       |       ||     7
         Plate armour      |    81 |    82 |   145 ||   308
         Skin              |       |       |    10 ||    10
  Dodge: Dodged            |    43 |    33 |    57 ||   133
  Block: Buckler           |    19 |    30 |    37 ||    86
